 Dungeon Crawl Stone Soup version 0.19.1 (webtiles) character file.

24066 hullu the Jinx (level 13, -3/65 HPs)
             Began as a Kobold Enchanter on Dec 1, 2016.
             Was a High Priest of Hepliaklqana.
             Killed from afar by an orc wizard (8 damage)
             ... with a magic dart
             ... led by an orc warlord
             ... on level 1 of the Orcish Mines.
             The game lasted 01:11:15 (15032 turns).

hullu the Jinx (Kobold Enchanter)                  Turns: 15032, Time: 01:11:16

Health: -3/65      AC: 10    Str:  5    XL:     13   Next: 40%
Magic:  24/24      EV: 21    Int: 16    God:    Hepliaklqana [*****.]
Gold:   958        SH:  7    Dex: 21    Spells: 5 memorised, 14 levels left

rFire  . . .     SeeInvis .     a - +5 dagger (flame)
rCold  + . .     Gourm    .     J - +3 leather armour {MR+}
rNeg   . . .     Faith    .     p - +0 buckler
rPois  .         Spirit   .     s - +0 helmet
rElec  .         Reflect  .     M - +0 cloak (curse)
rCorr  .         Harm     .     Q - +0 pair of gloves
MR     +....                    N - +0 pair of boots
Stlth  +++++.....               E - amulet of magic regeneration
                                k - ring of wizardry
                                G - ring of protection from cold

@: no status effects
A: reduced essence, carnivore 3
a: Recall Ancestor, Ancestor Identity, Transference, Idealise, Renounce Religion


You were on level 1 of the Orcish Mines.
You worshipped Hepliaklqana.
Hepliaklqana was extremely pleased with you.
You were completely stuffed.

You visited 3 branches of the dungeon, and saw 14 of its levels.

You collected 958 gold pieces.

Inventory:

Hand Weapons
 a - a +5 dagger of flaming (weapon)
Armour
 p - a +0 buckler (worn)
 s - a +0 helmet (worn)
 u - a +1 leather armour of fire resistance
 J - a +3 leather armour of magic resistance (worn)
 L - the +5 ring mail "Oschaves" {rC- rN+ Regen+ Str+4}
   (You found it on level 8 of the Dungeon)

   It affects your strength (+4).
   It makes you vulnerable to cold.
   It protects you from negative energy.
   It increases your rate of regeneration.
 M - a cursed +0 cloak (worn)
 N - a +0 pair of boots (worn)
 Q - a +0 pair of gloves (worn)
Rods
 b - a +0 lightning rod (13/13)
   (You found it on level 9 of the Dungeon)
Jewellery
 k - a ring of wizardry (right hand)
 m - an uncursed ring of flight
 E - an amulet of magic regeneration (around neck)
 G - a ring of protection from cold (left hand)
Wands
 i - a wand of lightning (1/15)
 o - a wand of paralysis (12/24)
 F - a wand of iceblast (4/15)
 O - a wand of disintegration (0/24)
 P - a wand of digging (8/24)
Scrolls
 e - a scroll of teleportation
 j - 3 scrolls of fog
 q - 9 scrolls of identify
 v - a scroll of magic mapping
 w - 5 scrolls of enchant weapon
 y - a scroll of amnesia
 D - 3 scrolls of remove curse
Potions
 c - 2 potions of might
 g - a potion of haste {unknown}
 h - a potion of agility
 l - 2 potions of flight {unknown}
 n - 2 potions of degeneration {unknown}
 t - 2 potions of mutation {unknown}
 x - 2 potions of brilliance {unknown}
 A - a potion of lignification {unknown}
 B - a potion of curing
 C - a potion of cure mutation {unknown}
Books
 f - a book of Callings

   Spells                             Type                      Level
   a - Summon Small Mammal            Summoning                    1
   b - Call Imp                       Summoning                    2
   c - Call Canine Familiar           Summoning                    3
   d - Summon Guardian Golem          Hexes/Summoning              3
   e - Summon Lightning Spire         Summoning/Air                4
   f - Summon Ice Beast               Ice/Summoning                4
 H - a book of Minor Magic

   Spells                             Type                      Level
   a - Magic Dart                     Conjuration                  1
   b - Blink                          Translocation                2
   c - Call Imp                       Summoning                    2
   d - Repel Missiles                 Charms/Air                   2
   e - Slow                           Hexes                        2
   f - Conjure Flame                  Conjuration/Fire             3
   g - Mephitic Cloud                 Conjuration/Poison/Air       3
 K - the Papyrus of the Doomed Birds
   (You found it on level 8 of the Dungeon)

   Spells                             Type                      Level
   a - Pain                           Necromancy                   1
   b - Repel Missiles                 Charms/Air                   2
   c - Corpse Rot                     Necromancy                   2
Comestibles
 d - 5 meat rations
 r - 4 beef jerkies
 I - 7 slices of pizza


   Skills:
 + Level 5.4 Fighting
 + Level 9.3 Short Blades
 - Level 2.0 Armour
 + Level 9.0 Dodging
 + Level 10.8 Stealth
 + Level 5.7 Shields
 + Level 7.9 Spellcasting
 * Level 11.0 Hexes
 + Level 3.4 Translocations
 - Level 6.0 Ice Magic
 + Level 5.0 Invocations


You had 14 spell levels left.
You knew the following spells:

 Your Spells              Type           Power        Failure   Level  Hunger
a - Blink                 Tloc           N/A          4%          2    None
b - Ensorcelled Hibernat  Hex/Ice        ####..       1%          2    None
c - Confuse               Hex            #####...     1%          3    ##.....
d - Tukima's Dance        Hex            #####...     1%          3    ##.....
e - Dazzling Spray        Conj/Hex       ###...       2%          3    ##.....


Dungeon Overview and Level Annotations

Branches:
Dungeon (12/15)            Temple (1/1) D:4            Lair (0/6) D:10
    Orc (1/2) D:12

Altars:
Ashenzari
Cheibriados
Dithmenos
Elyvilon
Fedhas
Gozag
Hepliaklqana
Kikubaaqudgha
Makhleb
Nemelex Xobeh
Okawaru
Qazlal
Ru
Sif Muna
Trog
Uskayaw
Vehumet
Xom
Yredelemnul
Zin
The Shining One

Shops:
D:6 *   D:8 (   D:9 *


Innate Abilities, Weirdness & Mutations

You are small and have problems with some larger weapons.
You are carnivorous and can eat meat at any time.
Your life essence is reduced. (-10% HP)


Message History

The orc warlord hits you with a glaive!!
Ouch! That really hurt!
There is a staircase back to the Dungeon, spattered with blood here.
Things that are here:
a leather armour; a flail; an orc skeleton The orc warlord roars a battlecry!
The orc wizard goes into a battle-frenzy!
Items here: )) [[ รทรท The orc wizard gestures wildly while chanting.
The orc wizard seems to speed up.
You hit the orc wizard. You burn the orc wizard.
The orc wizard is moderately wounded.
The orc wizard barely misses you.
Ilshu hits the orc warlord but does no damage.
Ilshu drains the orc warlord!
The orc warlord hits you from afar with a glaive!!
* * * LOW HITPOINT WARNING * * *
The orc wizard casts a spell at you. The magic dart hits you!
You die...

...##................#.#...
#....................### #
##...............#...###
#.....#...#.##..#...#.##
..........).#..........# .
#....#..#.......#.....##..
##.##.......[..#......... #
##.##.##...#......##.
###.#.#..>@.......###
##.........o.........##
#...........)[........#
##..........[oR.......##
##..........[...........#
#..........))).........##
##..........[[.........#
##.........#).....##.##
#...#.............###


You could see the friendly Ilshu the hexer, an orc warlord and an orc wizard.

Vanquished Creatures
  Gastronok (D:9)
  A hydra (D:12)
  Erolcha (D:9)
  An unseen horror (D:10)
  Pikel (D:9)
  4 hill giants
  2 ugly things (D:11)
  A cyclops (D:12)
  2 manticores
  A centaur zombie (D:12)
  Psyche (D:8)
  A kobold demonologist (D:12)
  A komodo dragon (D:10)
  3 trolls
  A hornet (D:11)
  A two-headed ogre (Orc:1)
  A two-headed ogre (shapeshifter) (D:9)
  7 hippogriffs
  2 hogs (D:7)
  A wyvern (D:10)
  8 yaks
  A human (D:7)
  A hungry ghost (D:11)
  Grum (D:8)
  4 wargs
  3 mottled dragons
  A soldier ant (D:11)
  A water moccasin (D:5)
  3 ice beasts
  5 sky beasts
  8 orc warriors
  A phantom (D:6)
  8 ogres
  2 wolves (D:8)
  A necrophage (D:7)
  4 centaurs
  2 big kobolds (D:12)
  2 gnoll sergeants
  9 bullfrogs
  3 scorpions
  A water moccasin skeleton (D:8)
  7 killer bees
  3 wights (D:10)
  7 howler monkeys
  2 hexers
  4 bullfrog zombies
  4 gnoll shamans
  5 crimson imps
  8 orc priests
  7 hounds
  A jelly (D:11)
  3 centaur skeletons
  11 orc wizards
  7 iguanas
  7 worker ants
  A worker ant zombie (D:8)
  24 gnolls
  9 adders
  2 shadow imps
  2 adder skeletons
  2 adder zombies
  A worm (D:2)
  2 dart slugs
  7 leopard geckos
  41 orcs
  A ball python (D:1)
  9 bats
  4 giant cockroaches
  11 goblins
  7 hobgoblins
  11 jackals
  3 quokkas
  3 frilled lizards
  5 kobolds
  A leopard gecko zombie (D:6)
  A quokka skeleton (D:4)
  9 rats
335 creatures vanquished.

Vanquished Creatures (collateral kills)
  A hydra (D:12)
  An unseen horror (D:12)
  Joseph (D:7)
  A centaur zombie (D:12)
  A troll (D:12)
  A hippogriff (D:12)
  A hog (D:7)
  2 orc warriors
  A sky beast (D:5)
  2 ice beasts
  An ogre (D:5)
  A centaur (D:12)
  A wolf (D:8)
  2 bullfrogs
  2 killer bees (D:12)
  2 crimson imps
  A gnoll shaman (D:7)
  2 orc wizards
  An iguana (D:12)
  A worker ant (D:7)
  A hound skeleton (D:5)
  7 gnolls
  3 adders
  19 orcs
  3 jackals (D:5)
  A kobold (D:12)
  A quokka skeleton (D:6)
61 creatures vanquished.

Vanquished Creatures (others)
  3 slaves (D:9)
  4 hexers
  An ancestor (D:5)
  A quokka (D:9)
  A plant (D:10)
10 creatures vanquished.

Grand Total: 406 creatures vanquished

Notes
Turn   | Place    | Note
-------+----------+-------------------------------------------
     0 | D:1      | hullu the Kobold Enchanter began the quest for the Orb.
     0 | D:1      | Reached XP level 1. HP: 10/10 MP: 3/3
    27 | D:1      | Reached XP level 2. HP: 10/15 MP: 5/5
    32 | D:1      | Learned a level 2 spell: Ensorcelled Hibernation
   257 | D:1      | Reached XP level 3. HP: 17/19 MP: 6/6
   291 | D:1      | Learned a level 3 spell: Confuse
  1116 | D:2      | Reached XP level 4. HP: 22/24 MP: 2/7
  2253 | D:3      | Reached skill level 1 in Ice Magic
  2253 | D:3      | Reached XP level 5. HP: 28/28 MP: 2/8
  2909 | D:4      | Found a staircase to the Ecumenical Temple.
  2994 | Temple   | Entered the Ecumenical Temple
  3003 | Temple   | Became a worshipper of Hepliaklqana the Forgotten
  3146 | D:4      | Found a burning altar of Makhleb.
  3150 | D:4      | Reached skill level 1 in Shields
  3150 | D:4      | Reached skill level 4 in Hexes
  3220 | D:4      | Reached XP level 6. HP: 27/28 MP: 10/10
  3717 | D:5      | Entered Level 5 of the Dungeon
  3766 | D:5      | Noticed an ogre
  3783 | D:5      | Killed an ogre
  3783 | D:5      | Reached skill level 1 in Armour
  3783 | D:5      | Reached skill level 5 in Stealth
  3783 | D:5      | Reached XP level 7. HP: 8/32 MP: 9/11
  4228 | D:5      | Found a blossoming altar of Fedhas.
  4230 | D:5      | Reached * piety under Hepliaklqana
  4234 | D:5      | Found a sparkling altar of Nemelex Xobeh.
  4547 | D:5      | Noticed a water moccasin
  4549 | D:5      | Killed a water moccasin
  5087 | D:5      | Reached XP level 8. HP: 36/36 MP: 2/13
  5096 | D:5      | Learned a level 3 spell: Tukima's Dance
  5100 | D:5      | Learned a level 3 spell: Dazzling Spray
  5174 | D:5      | Reached skill level 5 in Hexes
  5323 | D:6      | Found Yplawk's General Store.
  5915 | D:6      | Reached ** piety under Hepliaklqana
  5916 | D:6      | Remembered your ancestor Ilshu as a hexer
  6348 | D:6      | Reached skill level 5 in Dodging
  6389 | D:6      | Reached XP level 9. HP: 40/40 MP: 7/15
  6660 | D:7      | Noticed Joseph
  6721 | D:7      | Killed Joseph
  6721 | D:7      | Reached skill level 6 in Hexes
  7205 | D:7      | Reached skill level 5 in Short Blades
  7392 | D:7      | Reached skill level 5 in Spellcasting
  7392 | D:7      | Reached skill level 7 in Hexes
  7540 | D:7      | Reached XP level 10. HP: 45/45 MP: 12/17
  8239 | D:7      | Reached *** piety under Hepliaklqana
  8493 | D:8      | Noticed Psyche
  8498 | D:8      | Killed Psyche
  8498 | D:8      | Reached skill level 8 in Hexes
  8657 | D:8      | Identified the Papyrus of the Doomed Birds
  8791 | D:8      | Got a steaming ring mail
  8811 | D:8      | Identified the +5 ring mail "Oschaves" {rC- rN+ Regen+ Str+4} (You found it on level 8 of the Dungeon)
  8999 | D:8      | Noticed Grum
  9014 | D:8      | Killed Grum
  9265 | D:8      | Reached skill level 5 in Ice Magic
  9498 | D:8      | Found Luipp's Antique Weapon Shoppe.
  9694 | D:9      | Reached XP level 11. HP: 48/48 MP: 20/20
  9736 | D:9      | Noticed Gastronok
  9792 | D:9      | Killed Gastronok
  9792 | D:9      | Reached skill level 1 in Fighting
  9792 | D:9      | Reached skill level 9 in Hexes
  9792 | D:9      | Reached skill level 1 in Invocations
  9901 | D:9      | Noticed Pikel
  9919 | D:9      | Killed Pikel
  9924 | D:9      | Reached **** piety under Hepliaklqana
 10070 | D:9      | Found Quutu's General Store.
 10222 | D:9      | Noticed Erolcha
 10233 | D:9      | Killed Erolcha
 10288 | D:10     | Entered Level 10 of the Dungeon
 10324 | D:10     | Found a staircase to the Lair.
 10334 | D:10     | Killed an unseen horror
 10523 | D:10     | Learned a level 2 spell: Blink
 10623 | D:10     | Noticed a hill giant
 10634 | D:10     | Killed a hill giant
 10634 | D:10     | Reached XP level 12. HP: 35/57 MP: 14/22
 11273 | D:11     | Reached skill level 5 in Shields
 11613 | D:11     | Reached skill level 10 in Hexes
 11613 | D:11     | Reached skill level 1 in Translocations
 11730 | D:11     | Reached skill level 10 in Stealth
 12240 | D:12     | Killed an unseen horror
 12399 | D:12     | Found a staircase to the Orcish Mines.
 12402 | D:12     | Noticed a four-headed hydra
 12437 | D:12     | Killed a four-headed hydra
 12437 | D:12     | Reached XP level 13. HP: 25/64 MP: 24/24
 12832 | D:12     | Reached ***** piety under Hepliaklqana
 13348 | D:12     | Noticed a six-headed hydra
 13374 | D:12     | Killed a six-headed hydra
 13415 | D:12     | Reached skill level 5 in Fighting
 13986 | Orc:1    | Entered Level 1 of the Orcish Mines
 14317 | Orc:1    | Reached skill level 11 in Hexes
 14622 | Orc:1    | Noticed an orc warlord
 14674 | Orc:1    | Reached skill level 5 in Invocations
 15032 | Orc:1    | Killed from afar by an orc wizard

Skill      XL: |  1  2  3  4  5  6  7  8  9 10 11 12 13 |
---------------+----------------------------------------+-----
Short Blades   | 2 3 4 5 6 7 8 9 |  9.3
Dodging        | 3 4 5 6 7 8 9 |  9.0
Ice Magic      | 1 2 3 4 5 6 |  6.0
Shields        | 1 2 3 4 5 |  5.7
Hexes          | 4 5 7 8 9 10 11 | 11.0
Spellcasting   | 3 4 5 6 7 |  7.9
Armour         | 1 2 |  2.0
Stealth        | 5 6 7 8 9 10 | 10.8
Fighting       | 3 4 5 |  5.4
Invocations    | 3 4 5 |  5.0
Translocations | 2 3 |  3.4

Action                   |  1- 3 |  4- 6 |  7- 9 | 10-12 | 13-15 || total
-------------------------+-------+-------+-------+-------+-------++-------
Melee: Dagger            |    90 |   119 |   158 |   447 |   161 ||   975
       Rapier            |       |       |       |    10 |       ||    10
 Cast: Ensorcelled Hiber |    17 |    44 |    64 |   122 |    69 ||   316
       Confuse           |       |       |    16 |    16 |    11 ||    43
       Corona            |       |       |       |     5 |       ||     5
       Tukima's Dance    |       |       |       |     2 |       ||     2
Invok: Ancestor Identity |       |     1 |       |       |       ||     1
       Ancestor Life: He |       |       |     1 |       |       ||     1
       Recall Ancestor   |       |       |       |     2 |     1 ||     3
Evoke: Wand              |       |       |     1 |       |    10 ||    11
       Rod               |       |       |       |     4 |       ||     4
  Use: Potion            |       |     2 |     1 |     2 |     6 ||    11
       Scroll            |       |       |       |    13 |       ||    13
 Stab: Sleeping          |    10 |    29 |    35 |    80 |    25 ||   179
       Distracted        |       |     1 |     4 |    13 |     3 ||    21
       Confused          |       |       |     5 |    23 |     5 ||    33
  Eat: Chunk             |    11 |    11 |    15 |    16 |     9 ||    62
Armor: Robe              |    26 |    10 |       |       |       ||    36
       Leather armour    |       |     3 |    19 |    56 |    24 ||   102
Dodge: Dodged            |    67 |    86 |    98 |   207 |   154 ||   612
Block: Buckler           |       |       |       |    86 |    58 ||   144
